 Dungeon Crawl Stone Soup version 0.24-a0-275-g6f7e2cb (webtiles) character file.

Game seed: 17693259695194133694

1879 Gorice the Thaumaturge (level 9, 0/65 HPs)
             Began as a Gnoll Wizard on Apr 28, 2019.
             Was a Follower of Makhleb.
             Slain by a hound (1 damage)
             ... on level 7 of the Dungeon.
             The game lasted 00:33:13 (6308 turns).

Gorice the Thaumaturge (Gnoll Wizard)               Turns: 6308, Time: 00:33:15

Health: 0/65       AC:  5    Str:  9    XL:     9   Next: 14%
Magic:  1/21       EV: 15    Int: 25    God:    Makhleb [*.....]
Gold:   316        SH:  0    Dex: 13    Spells: 8/24 levels left

rFire    + . .     SeeInvis .   a - +1 whip (flame)
rCold    . . .     Gourm    .   (no shield)
rNeg     . . .     Faith    .   j - +0 robe
rPois    .         Spirit   .   u - +1 hat
rElec    .         Reflect  .   z - scarf {repulsion}
rCorr    .         Harm     .   (no gloves)
MR       .....     Rnd*Rage +   x - +1 pair of boots
Stlth    +++.......             (no amulet)
HPRegen  0.20/turn              f - ring of protection from fire
MPRegen  0.17/turn              w - ring of wizardry

@: marked, very slightly contaminated, invisible, repel missiles
A: distributed training, fangs 1, talons 1, berserk 1, strong nose
a: Renounce Religion


You were on level 7 of the Dungeon.
You worshipped Makhleb.
Makhleb was aware of your devotion.
You were hungry.

You visited 1 branch of the dungeon, and saw 7 of its levels.

You collected 316 gold pieces.

Inventory:

Hand Weapons
 a - a +1 whip of flaming (weapon)
   (You took it off Pikel on level 6 of the Dungeon)
 b - a +0 falchion
 t - a +2 flail of crushing
   (You took it off Edmund on level 5 of the Dungeon)
 v - a +0 spear
 y - a +0 dagger of freezing
   (You took it off an orc on level 5 of the Dungeon)
 D - a +0 dire flail of venom
   (You took it off Blork the orc on level 6 of the Dungeon)
 E - a +2 short sword of speed
   (You took it off Duvessa on level 5 of the Dungeon)
Missiles
 k - 31 sling bullets
 s - 3 tomahawks (quivered)
 Y - 207 stones
Armour
 c - a +0 buckler
 h - a +0 ring mail
 i - a +0 ring mail
 j - a +0 robe (worn)
 u - a +1 hat (worn)
 x - a +1 pair of boots (worn)
 z - a scarf of repulsion (worn)
   (You found it on level 5 of the Dungeon)
Jewellery
 f - a ring of protection from fire (left hand)
 w - a ring of wizardry (right hand)
 F - an uncursed ring of wizardry
Wands
 q - a wand of polymorph (11)
 C - a wand of paralysis (6)
Scrolls
 g - a scroll of magic mapping {!r}
 n - 4 scrolls of remove curse
 A - 4 scrolls of enchant weapon
 G - 2 scrolls of amnesia
Potions
 e - 2 potions of heal wounds {!q}
 l - a potion of might {!q}
 m - a potion of curing
 p - 2 potions of agility {!q}
 r - 2 potions of haste {!q}
 B - a potion of invisibility {!q}
Comestibles
 d - 11 rations


   Skills:
 + Level 3.9 Fighting
 + Level 3.9 Short Blades
 + Level 3.9 Long Blades
 + Level 3.9 Axes
 + Level 3.9 Maces & Flails
 + Level 3.9 Polearms
 + Level 3.9 Staves
 + Level 3.9 Slings
 + Level 3.9 Bows
 + Level 3.9 Crossbows
 + Level 3.9 Throwing
 + Level 3.9 Armour
 + Level 6.1 Dodging
 + Level 5.8 Stealth
 + Level 3.9 Shields
 + Level 3.9 Unarmed Combat
 + Level 8.2 Spellcasting
 + Level 3.9 Conjurations
 + Level 3.2 Hexes
 + Level 3.2 Charms
 + Level 3.9 Summonings
 + Level 3.2 Necromancy
 + Level 3.9 Translocations
 + Level 3.2 Transmutations
 + Level 3.2 Fire Magic
 + Level 3.2 Ice Magic
 + Level 3.2 Air Magic
 + Level 3.2 Earth Magic
 + Level 3.2 Poison Magic
 + Level 4.2 Invocations
 + Level 3.9 Evocations


You had 8 spell levels left.
You knew the following spells:

 Your Spells              Type           Power        Failure   Level  Hunger
a - Magic Dart            Conj           ####         1%          1    None
b - Slow                  Hex            ####....     1%          2    None
c - Conjure Flame         Conj/Fire      ####....     1%          3    None
d - Confuse               Hex            ####....     1%          3    None
e - Mephitic Cloud        Conj/Pois/Air  ####....     1%          3    None
i - Call Imp              Summ           ####....     1%          2    None
J - Blink                 Tloc           N/A          1%          2    None

Your spell library contained the following spells:

 Spells                   Type           Power        Failure   Level  Hunger
 Corona                   Hex            ####...      1%          1    None
 Freeze                   Ice            ####         1%          1    None
 Ensorcelled Hibernation  Hex/Ice        ####..       1%          2    None
 Throw Frost              Conj/Ice       ####..       1%          2    None
 Dazzling Spray           Conj/Hex       ####..       1%          3    None
 Ozocubu's Armour         Chrm/Ice       ####....     1%          3    None
 Tukima's Dance           Hex            ####....     1%          3    None
 Summon Ice Beast         Ice/Summ       ####....     6%          4    ##.....
 Throw Icicle             Conj/Ice       ####....     6%          4    ##.....


Dungeon Overview and Level Annotations

Branches:
Dungeon (7/15)             Temple (0/1) D:5

Altars:
Makhleb
Xom

Annotations:
D:7 Harold


Innate Abilities, Weirdness & Mutations

Your experience applies equally to all skills.
You have very sharp teeth.
Your uncanny sense of smell can sniff out nearby items.
You have sharp toenails.
You tend to lose your temper in combat.


Message History

Unknown command.
Casting: Blink (safe; 1% risk of failure)
Confirm with . or Enter, or press ? or * to list all spells.
You blink.
An ogre comes into view. It is wielding a +0 giant club.
The bullfrog closely misses you.
You see here a hunting sling.
Harold hits you with a +0 mace.
* * * LOW HITPOINT WARNING * * *
Damage: 3 (max 21) Really quaff
B - 2 potions of invisibility {!q}?
You fade into invisibility!
The bullfrog barely misses you. The hound misses you. Harold misses you.
The bullfrog barely misses you.
You are very lightly contaminated with residual magic.
It was a potion of mutation.
You feel extremely strange.
You feel a little pissed off.
Your toenails lengthen and sharpen.
The hound misses you. The bullfrog closely misses you.
Harold barely misses you. The hound closely misses you.
Unknown command.
You hit Harold. You burn Harold.
Harold is almost dead.
The bullfrog snags a nearby small bird with its tongue.
The bullfrog misses you. The hound bites you.
* * * LOW HITPOINT WARNING * * *
Damage: 3 (max 21) Unknown command.
You catch the helpless Harold completely off-guard!
You hit Harold but do no damage. Your bite misses Harold.
Harold is almost dead.
The bullfrog hits you!
* * * LOW HITPOINT WARNING * * *
Harold barely misses you. The hound barely misses you. The kobold misses you.
The bullfrog barely misses you.
Damage: 6 (max 21)
You hit Harold but do no damage.
Harold is almost dead.
The hound bites you but does no damage.
Harold points at you and mumbles some strange words.
The mark upon you grows brighter. The bullfrog closely misses you.
The kobold barely misses you. The hound bites you.
* * * LOW HITPOINT WARNING * * *
Damage: 6 (max 21)
You barely miss Harold.
Harold is almost dead.
The bullfrog hits you.
* * * LOW HITPOINT WARNING * * *
Harold gestures at you while chanting.
You barely resist. The hound bites you.
You die...

## ##### ##########.
##@KK####...#......
#hF@K.FZ....#......
∆#oKOO###...........
#KK.(.(........#...
#.....#............
##...####'##.......
..>...................
.......####....###....
.......# #...........


You could see Harold (inner flame), a big kobold, 2 ogres, 2 bullfrogs, a hound,
an orc, a centaur zombie (inner flame) and 5 kobolds.

Vanquished Creatures
  Pikel (D:6)
  Edmund (D:5)
  Duvessa (D:5)
  3 ice beasts
  A slave (D:6)
  An ogre (D:6)
  Blork the orc (D:6)
  Dowan (D:5)
  2 scorpions
  4 crimson imps (D:5)
  A centaur zombie (D:5)
  A centaur skeleton (D:6)
  A hound (D:5)
  2 orc priests
  4 orc wizards
  A bullfrog skeleton (D:7)
  2 worker ants
  An iguana (D:5)
  A killer bee zombie (D:5)
  A hound skeleton (D:4)
  7 adders
  3 adder skeletons
  7 worms
  3 dart slugs
  5 leopard geckos
  10 orcs
  6 bats
  6 giant cockroaches
  6 goblins
  6 hobgoblins
  2 jackals (D:6)
  9 kobolds
  6 quokkas
  2 ball pythons
  6 frilled lizards
  5 rats
120 creatures vanquished.

Notes
Turn   | Place    | Note
-------+----------+-------------------------------------------
     0 | D:1      | Gorice the Gnoll Wizard began the quest for the Orb.
     0 | D:1      | Reached XP level 1. HP: 13/13 MP: 8/8
   207 | D:1      | Reached skill level 2 in Conjurations
   207 | D:1      | Reached skill level 2 in Summonings
   207 | D:1      | Reached skill level 2 in Translocations
   232 | D:1      | Reached XP level 2. HP: 19/19 MP: 6/10
   770 | D:1      | Found a radiant altar of Vehumet.
   772 | D:1      | Found a shadowy altar of Dithmenos.
   772 | D:1      | Found a shimmering altar of Xom.
   774 | D:1      | Found an opulent altar of Gozag.
   774 | D:1      | Found an ornate altar of the Wu Jian Council.
   774 | D:1      | Found a hide-covered altar of Uskayaw.
   905 | D:2      | Learned a level 2 spell: Blink
   908 | D:2      | Learned a level 2 spell: Call Imp
   911 | D:2      | Learned a level 2 spell: Slow
   921 | D:2      | Reached XP level 3. HP: 25/25 MP: 8/11
  1249 | D:2      | Reached skill level 1 in Invocations
  1441 | D:2      | Reached skill level 1 in Fighting
  1441 | D:2      | Reached skill level 1 in Short Blades
  1441 | D:2      | Reached skill level 1 in Long Blades
  1441 | D:2      | Reached skill level 1 in Axes
  1441 | D:2      | Reached skill level 1 in Maces & Flails
  1441 | D:2      | Reached skill level 1 in Polearms
  1441 | D:2      | Reached skill level 1 in Staves
  1441 | D:2      | Reached skill level 1 in Slings
  1441 | D:2      | Reached skill level 1 in Bows
  1441 | D:2      | Reached skill level 1 in Crossbows
  1441 | D:2      | Reached skill level 1 in Throwing
  1441 | D:2      | Reached skill level 1 in Armour
  1441 | D:2      | Reached skill level 1 in Shields
  1441 | D:2      | Reached skill level 1 in Unarmed Combat
  1441 | D:2      | Reached skill level 1 in Evocations
  1490 | D:2      | Reached XP level 4. HP: 32/32 MP: 3/13
  1499 | D:2      | Learned a level 3 spell: Conjure Flame
  1503 | D:2      | Learned a level 3 spell: Mephitic Cloud
  2057 | D:3      | Reached skill level 1 in Hexes
  2057 | D:3      | Reached skill level 1 in Charms
  2057 | D:3      | Reached skill level 1 in Necromancy
  2057 | D:3      | Reached skill level 1 in Transmutations
  2057 | D:3      | Reached skill level 1 in Fire Magic
  2057 | D:3      | Reached skill level 1 in Ice Magic
  2057 | D:3      | Reached skill level 1 in Air Magic
  2057 | D:3      | Reached skill level 1 in Earth Magic
  2057 | D:3      | Reached skill level 1 in Poison Magic
  2279 | D:3      | Reached XP level 5. HP: 37/37 MP: 9/14
  2299 | D:3      | HP: 10/37 [orc wizard/magic dart (9)]
  3041 | D:4      | Reached XP level 6. HP: 44/44 MP: 2/16
  3314 | D:4      | Reached skill level 2 in Invocations
  3450 | D:4      | Learned a level 3 spell: Confuse
  3506 | D:4      | Found a burning altar of Makhleb.
  3508 | D:4      | Noticed a balrug
  3513 | D:4      | Noticed a neqoxec
  3513 | D:4      | Noticed a hellwing
  3744 | D:4      | Became a worshipper of Makhleb the Destroyer
  3773 | D:5      | Entered Level 5 of the Dungeon
  3786 | D:5      | Reached skill level 2 in Fighting
  3786 | D:5      | Reached skill level 2 in Short Blades
  3786 | D:5      | Reached skill level 2 in Long Blades
  3786 | D:5      | Reached skill level 2 in Axes
  3786 | D:5      | Reached skill level 2 in Maces & Flails
  3786 | D:5      | Reached skill level 2 in Polearms
  3786 | D:5      | Reached skill level 2 in Staves
  3786 | D:5      | Reached skill level 2 in Slings
  3786 | D:5      | Reached skill level 2 in Bows
  3786 | D:5      | Reached skill level 2 in Crossbows
  3786 | D:5      | Reached skill level 2 in Throwing
  3786 | D:5      | Reached skill level 2 in Armour
  3786 | D:5      | Reached skill level 5 in Dodging
  3786 | D:5      | Reached skill level 2 in Shields
  3786 | D:5      | Reached skill level 2 in Unarmed Combat
  3786 | D:5      | Reached skill level 2 in Evocations
  3966 | D:5      | Noticed Dowan
  3967 | D:5      | Noticed Duvessa
  3976 | D:5      | Noticed Edmund
  3989 | D:5      | Killed Dowan
  4005 | D:5      | Killed Duvessa
  4005 | D:5      | Reached XP level 7. HP: 36/51 MP: 7/18
  4012 | D:5      | HP: 15/51 [Edmund/+2 flail of crushing (3)]
  4013 | D:5      | Killed Edmund
  4013 | D:5      | Reached skill level 3 in Conjurations
  4013 | D:5      | Reached skill level 2 in Hexes
  4013 | D:5      | Reached skill level 2 in Charms
  4013 | D:5      | Reached skill level 3 in Summonings
  4013 | D:5      | Reached skill level 2 in Necromancy
  4013 | D:5      | Reached skill level 3 in Translocations
  4013 | D:5      | Reached skill level 2 in Transmutations
  4013 | D:5      | Reached skill level 2 in Fire Magic
  4013 | D:5      | Reached skill level 2 in Ice Magic
  4013 | D:5      | Reached skill level 2 in Air Magic
  4013 | D:5      | Reached skill level 2 in Earth Magic
  4013 | D:5      | Reached skill level 2 in Poison Magic
  4333 | D:5      | Reached skill level 5 in Stealth
  4360 | D:5      | Reached skill level 3 in Invocations
  4501 | D:5      | Reached XP level 8. HP: 33/57 MP: 3/19
  4639 | D:5      | Found a staircase to the Ecumenical Temple.
  4932 | D:5      | Reached * piety under Makhleb
  4964 | D:5      | Reached skill level 3 in Fighting
  4964 | D:5      | Reached skill level 3 in Short Blades
  4964 | D:5      | Reached skill level 3 in Long Blades
  4964 | D:5      | Reached skill level 3 in Axes
  4964 | D:5      | Reached skill level 3 in Maces & Flails
  4964 | D:5      | Reached skill level 3 in Polearms
  4964 | D:5      | Reached skill level 3 in Staves
  4964 | D:5      | Reached skill level 3 in Slings
  4964 | D:5      | Reached skill level 3 in Bows
  4964 | D:5      | Reached skill level 3 in Crossbows
  4964 | D:5      | Reached skill level 3 in Throwing
  4964 | D:5      | Reached skill level 3 in Armour
  4964 | D:5      | Reached skill level 3 in Shields
  4964 | D:5      | Reached skill level 3 in Unarmed Combat
  4964 | D:5      | Reached skill level 3 in Evocations
  5270 | D:6      | Noticed Blork the orc
  5270 | D:6      | Noticed Pikel
  5288 | D:6      | Killed Blork the orc
  5302 | D:6      | Killed Pikel
  5302 | D:6      | Reached skill level 8 in Spellcasting
  5302 | D:6      | Reached skill level 4 in Invocations
  5548 | D:6      | Reached skill level 3 in Hexes
  5548 | D:6      | Reached skill level 3 in Charms
  5548 | D:6      | Reached skill level 3 in Necromancy
  5548 | D:6      | Reached skill level 3 in Transmutations
  5548 | D:6      | Reached skill level 3 in Fire Magic
  5548 | D:6      | Reached skill level 3 in Ice Magic
  5548 | D:6      | Reached skill level 3 in Air Magic
  5548 | D:6      | Reached skill level 3 in Earth Magic
  5548 | D:6      | Reached skill level 3 in Poison Magic
  5905 | D:6      | Reached skill level 6 in Dodging
  5905 | D:6      | Reached XP level 9. HP: 37/65 MP: 17/21
  6240 | D:7      | Noticed Harold
  6287 | D:7      | HP: 17/65 [bullfrog (5)]
  6297 | D:7      | HP: 3/65 [Harold/+0 mace (16)]
  6304 | D:7      | Gained mutation: You tend to lose your temper in combat.
                  | [potion of mutation]
  6304 | D:7      | Gained mutation: You have sharp toenails. [potion of
                  | mutation]
  6305 | D:7      | HP: 17/65 [hound (3)]
  6307 | D:7      | HP: 5/65 [hound (6)]
  6308 | D:7      | HP: 1/65 [bullfrog (4)]
  6308 | D:7      | Slain by a hound

Levels and vault maps discovered:
D:1:      roderic_dead_forest, layout_basic, minivault_23, doesnt_xom_only_xom
D:2:      layout_loops_cross
D:3:      layout_loops_cross
D:4:      layout_basic, makhleb_altar_promises_db
D:5:      layout_rooms, minmay_temple_entry_sparse_star, first_ration,
          uniq_edmund, uniq_duvessa
D:6:      layout_basic, kennysheep_generic_room_9, uniq_blork_the_orc,
          uniq_pikel
D:7:      layout_basic, gammafunk_temple_overflow_statue, minmay_diced_spiral,
          uniq_harold

Skill      XL: |  1  2  3  4  5  6  7  8 |
---------------+-------------------------+-----
Conjurations   | 2 3 |  3.9
Summonings     | 2 3 |  3.9
Translocations | 2 3 |  3.9
Invocations    | 1 2 3 4 |  4.2
Fighting       | 1 2 3 |  3.9
Short Blades   | 1 2 3 |  3.9
Long Blades    | 1 2 3 |  3.9
Axes           | 1 2 3 |  3.9
Maces & Flails | 1 2 3 |  3.9
Polearms       | 1 2 3 |  3.9
Staves         | 1 2 3 |  3.9
Slings         | 1 2 3 |  3.9
Bows           | 1 2 3 |  3.9
Crossbows      | 1 2 3 |  3.9
Throwing       | 1 2 3 |  3.9
Armour         | 1 2 3 |  3.9
Shields        | 1 2 3 |  3.9
Unarmed Combat | 1 2 3 |  3.9
Evocations     | 1 2 3 |  3.9
Hexes          | 1 2 3 |  3.2
Charms         | 1 2 3 |  3.2
Necromancy     | 1 2 3 |  3.2
Transmutations | 1 2 3 |  3.2
Fire Magic     | 1 2 3 |  3.2
Ice Magic      | 1 2 3 |  3.2
Air Magic      | 1 2 3 |  3.2
Earth Magic    | 1 2 3 |  3.2
Poison Magic   | 1 2 3 |  3.2
Dodging        | 5 6 |  6.1
Stealth        | 5 |  5.8
Spellcasting   | 8 |  8.2

Action                   |  1- 3 |  4- 6 |  7- 9 || total
-------------------------+-------+-------+-------++-------
Melee: Short sword       |     2 |    49 |    97 ||   148
       Falchion          |       |    14 |    15 ||    29
       Bite              |       |     5 |    19 ||    24
       Punch             |       |       |     3 ||     3
       Whip              |       |       |    73 ||    73
       Spear             |       |       |    11 ||    11
 Cast: Magic Dart        |    94 |   113 |    49 ||   256
       Mephitic Cloud    |       |     8 |     4 ||    12
       Slow              |       |     1 |       ||     1
       Conjure Flame     |       |     4 |    10 ||    14
       Confuse           |       |     1 |    21 ||    22
       Blink             |       |     1 |     7 ||     8
Evoke: Wand              |       |       |     1 ||     1
  Use: Scroll            |     2 |    10 |     4 ||    16
       Potion            |       |       |     3 ||     3
 Stab: Sleeping          |     1 |     2 |       ||     3
       Confused          |       |     5 |    19 ||    24
       Invisible         |       |       |     1 ||     1
  Eat: Chunk             |     2 |     7 |     7 ||    16
Armor: Robe              |     1 |     5 |    27 ||    33
Dodge: Dodged            |     2 |    30 |   121 ||   153
       Deflected         |       |       |     5 ||     5
       Rpst.: Falchion   |       |       |     3 ||     3

Table legend:
 A = Non-vault XP
 B = Vault XP
 C = Vault XP percentage of total XP
 D = Non-vault monster count
 E = Vault monster count
 F = Vault count percentage of total count
                 A         B        C        D         E       F
            +---------+---------+-------+---------+---------+-------
      Total |    1635 |    1050 |  39.1 |     114 |       5 |   4.2
            +---------+---------+-------+---------+---------+-------
        D:1 |      32 |       0 |   0.0 |      19 |       0 |   0.0
        D:2 |      55 |       0 |   0.0 |      21 |       0 |   0.0
        D:3 |     179 |       0 |   0.0 |      28 |       0 |   0.0
        D:4 |     159 |       0 |   0.0 |       7 |       0 |   0.0
        D:5 |     653 |     343 |  34.4 |      25 |       3 |  10.7
        D:6 |     518 |     707 |  57.7 |      13 |       2 |  13.3
        D:7 |      39 |       0 |   0.0 |       1 |       0 |   0.0
            +---------+---------+-------+---------+---------+-------

Table legend:
 A = Turns spent in this place as a percentage of turns spent in the entire game.
 B = Non-inter-level travel turns spent in this place as a percentage of non-inter-level travel turns spent in the entire game.
 C = Inter-level travel turns spent in this place as a percentage of turns spent in this place.
 D = Turns resting spent in this place as a percentage of non-inter-level travel turns spent in this place.
 E = Turns spent auto-exploring this place as a percentage of non-inter-level travel turns spent in this place.
 F = Non-inter-level travel turns spent in this place divided by the number of levels of this place that you've seen.
                   A       B       C       D       E      F
               +-------+-------+-------+-------+-------+----------------------
         Total | 100.0 | 100.0 |   3.0 |  25.5 |  41.5 | 874.1
       Dungeon | 100.0 | 100.0 |   3.0 |  25.5 |  41.5 | 874.1
               +-------+-------+-------+-------+-------+----------------------

Levels and vault maps discovered:
D:1:      roderic_dead_forest, layout_basic, minivault_23, doesnt_xom_only_xom
D:2:      layout_loops_cross
D:3:      layout_loops_cross
D:4:      layout_basic, makhleb_altar_promises_db
D:5:      layout_rooms, minmay_temple_entry_sparse_star, first_ration,
          uniq_edmund, uniq_duvessa
D:6:      layout_basic, kennysheep_generic_room_9, uniq_blork_the_orc,
          uniq_pikel
D:7:      layout_basic, gammafunk_temple_overflow_statue, minmay_diced_spiral,
          uniq_harold
